 Dungeon Crawl Stone Soup version 0.28-a0-861-ge64d6db94f (webtiles) character file.

Game seed: 5172440450004855765

2983 ytrimaz the Cleaver (level 10, -1/76 HPs)
             Began as a Formicid Fighter on Nov 15, 2021.
             Was a Follower of Wu Jian.
             Slain by a polar bear (14 damage)
             ... on level 8 of the Dungeon.
             The game lasted 00:10:30 (9112 turns).

ytrimaz the Cleaver (Formicid Fighter)              Turns: 9112, Time: 00:10:30

Health: -1/76      AC: 16    Str: 24    XL:     10   Next: 9%
Magic:  10/10      EV:  8    Int:  8    God:    Wu Jian [*.....]
Gold:   302        SH:  4    Dex: 10    Spells: 9/9 levels left

rFire   . . .      SeeInvis +   a - +0 war axe
rCold   + . .      Faith    .   c - +0 buckler
rNeg    . . .      Spirit   .   t - +4 chain mail {rC+}
rPois   .          Reflect  .   (helmet unavailable)
rElec   .          Harm     .   (no cloak)
rCorr   .          Rampage  .   (no gloves)
Will    +....                   j - +1 pair of boots
Stlth   ..........              (no amulet)
HPRegen 0.22/turn               (no ring)
MPRegen 0.12/turn               (no ring)

@: no status effects
A: permanent stasis, dig shafts and tunnels, antennae 3, four strong arms
a: Dig, Shaft Self, Renounce Religion


You were on level 8 of the Dungeon.
You worshipped Wu Jian.
Wu Jian was aware of your devotion.
You visited 2 branches of the dungeon, and saw 9 of its levels.
You also visited: Sewer.

You collected 445 gold pieces.
You spent 143 gold pieces at shops.

Inventory:

Hand Weapons
 a - a +0 war axe (weapon)
Missiles
 y - 6 poisoned darts (quivered)
Armour
 c - a +0 buckler (worn)
 j - a +1 pair of boots (worn)
 l - a +1 chain mail of fire resistance
 r - +0 storm dragon scales
 t - a +4 chain mail of cold resistance (worn)
Wands
 d - a wand of polymorph (9)
 f - a wand of iceblast (8)
 p - a wand of flame (13)
Scrolls
 g - a scroll of enchant armour
 w - a scroll of silence
Potions
 b - 5 potions of flight
 e - a potion of ambrosia {unknown}
 h - a potion of resistance {unknown}
 i - 4 potions of curing
 k - a potion of berserk rage {unknown}
 m - a potion of cancellation {unknown}
 n - 4 potions of attraction {unknown}
 o - a potion of lignification {unknown}
 q - a potion of mutation
 s - 2 potions of might
 u - a potion of invisibility {unknown}


   Skills:
 + Level 6.1 Fighting
 * Level 11.1 Axes
 * Level 1.2 Throwing
 + Level 7.0 Armour
 - Level 3.6 Shields
 + Level 0.4 Evocations


You had 9 spell levels left.
You didn't know any spells.
Your spell library contained the following spells:

 Spells                   Type           Power      Damage    Failure   Level
 Apportation              Tloc           0%         N/A       95%         1
 Slow                     Hex            0%         N/A       95%         1
 Confusing Touch          Hex            0%         N/A       100%        3
 Hailstorm                Conj/Ice       0%         3d3       100%        4
 Ice Form                 Ice/Tmut       0%         N/A       100%        4
 Alistair's Intoxication  Tmut/Pois      0%         N/A       100%        5
 Yara's Violent Unravell  Hex/Tmut       0%         3d3       100%        5
 Simulacrum               Ice/Necr       0%         N/A       100%        6


Dungeon Overview and Level Annotations

Branches:
Dungeon (8/15)             Temple (1/1) D:5           Sewer (visited)
   Lair: D:8-11

Altars:
Cheibriados
Dithmenos
Elyvilon
Fedhas
Gozag
Kikubaaqudgha
Makhleb
Nemelex Xobeh
Qazlal
Ru
Sif Muna
Trog
Uskayaw
Wu Jian
Xom
Yredelemnul
Zin
The Shining One
Beogh

Shops:
D:3 *   D:4 [!(   D:6 [


Innate Abilities, Weirdness & Mutations

You cannot be hasted, slowed, berserked, paralysed or teleported.
You can dig through walls and to a lower floor.
You have a pair of large antennae on your head. (SInv)
Your four strong arms can wield two-handed weapons with a shield.


Message History

The polar bear claws you but does no damage. x2
You hit the polar bear but do no damage.
The polar bear is severely wounded.
The polar bear bites you.
* * * LOW HITPOINT WARNING * * *
The polar bear claws you but does no damage. x2
You slash the polar bear!
The polar bear is severely wounded.
You block the polar bear's attack. The polar bear barely misses you.
The polar bear claws you.
* * * LOW HITPOINT WARNING * * *
You hit the polar bear.
The polar bear is severely wounded.
The polar bear goes berserk!
You barely miss the polar bear.
The polar bear is severely wounded.
The polar bear bites you but does no damage.
You block the polar bear's attack. The polar bear closely misses you.
Unknown command.
The polar bear rages.
The polar bear bites you.
* * * LOW HITPOINT WARNING * * *
The polar bear claws you but does no damage. x2
You see here a scroll of identify.
The polar bear bites you but does no damage.
The polar bear claws you but does no damage. x2
The polar bear barely misses you.
The polar bear claws you but does no damage. x2
Okay, then.
You spin and attack the polar bear.
You hit the polar bear.
The polar bear is severely wounded.
The polar bear barely misses you.
The polar bear claws you but does no damage. x2
The polar bear bites you but does no damage.
The polar bear claws you but does no damage.
The polar bear barely misses you.
You spin and attack the polar bear.
You barely miss the polar bear.
The polar bear is severely wounded.
The polar bear bites you!
You die...

...#.......# ..
...........####.#
........<...... .
#.......#...###..
#...>...#........# §
#.................
.§.≈#................
§§......?..@h........
.§§≈#....#........##..
. #...###.......##..
#.........#.......
#....##.#..##.....
...##...##.........
#### ### #.<....###
########


You could see a polar bear (berserk).

Vanquished Creatures
  Grinder (D:3)
  A wyvern (D:6)
  A fire bat (D:3)
  A steam dragon (D:7)
  Menkaure (D:4)
  Edmund (D:5)
  A water moccasin (D:6)
  An ice beast (D:8)
  A sky beast (D:6)
  2 centaurs
  A phantom (D:7)
  2 bullfrogs (D:7)
  Blork the orc (D:4)
  3 kobold brigands
  A scorpion (D:7)
  A water moccasin skeleton (D:7)
  3 wights (D:6)
  2 centaur zombies
  2 hounds
  2 jellies (D:7)
  6 orc priests
  2 centaur skeletons
  2 bullfrog skeletons
  Terence (D:3)
  Ijyb (D:3)
  Natasha (thrice) (D:4)
  4 iguanas
  6 orc wizards
  A hound skeleton (D:5)
  6 adders
  A river rat (Sewer)
  2 white imps (D:6)
  A worm (D:4)
  A dart slug (D:1)
  18 orcs
  7 ball pythons
  2 bats
  8 endoplasms
  5 giant cockroaches
  2 goblins
  3 hobgoblins
  A jackal (Sewer)
  15 kobolds
  A quokka (D:1)
  3 frilled lizards
  8 rats
139 creatures vanquished.

Notes
Turn   | Place    | Note
-------+----------+-------------------------------------------
     0 | D:1      | ytrimaz the Formicid Fighter began the quest for the Orb.
     0 | D:1      | Reached XP level 1. HP: 18/18 MP: 1/1
    37 | D:1      | Found a faded altar of an unknown god.
   211 | D:1      | Reached XP level 2. HP: 24/24 MP: 2/2
   334 | D:1      | You fall into a shaft and drop 1 floor!
  1051 | D:2      | Reached XP level 3. HP: 27/30 MP: 3/3
  1227 | D:2      | Reached skill level 3 in Axes
  1388 | D:3      | Noticed Grinder
  1401 | D:3      | Killed Grinder
  1402 | D:3      | Reached skill level 5 in Axes
  1402 | D:3      | Reached XP level 4. HP: 19/37 MP: 4/4
  1402 | D:3      | Reached XP level 5. HP: 21/42 MP: 5/5
  1402 | D:3      | Reached XP level 6. HP: 24/48 MP: 6/6
  1421 | D:3      | Found Cyuxten's General Store.
  1562 | D:3      | Bought a potion of curing for 33 gold pieces
  1773 | D:3      | Bought a scroll of identify for 22 gold pieces
  1869 | D:3      | Noticed Ijyb
  1875 | D:3      | Killed Ijyb
  2097 | D:3      | Noticed Terence
  2110 | D:3      | Killed Terence
  2271 | D:3      | Noticed Pargi
  2277 | D:3      | Noticed Pargi
  2277 | D:3      | Pargi changed into Pargi the fire bat
  2293 | D:3      | Killed Pargi the fire bat
  2294 | D:3      | Reached skill level 6 in Axes
  2294 | D:3      | Reached XP level 7. HP: 43/55 MP: 7/7
  2564 | D:3      | Found a white marble altar of Elyvilon.
  2709 | D:4      | Found Cemyw's Weapon Boutique.
  2753 | D:4      | Found a glowing drain.
  2794 | Sewer    | Entered a sewer
  2926 | Sewer    | Found a white marble altar of Elyvilon.
  3034 | D:4      | Found Xurataon's Armour Emporium.
  3080 | D:4      | Noticed Natasha
  3084 | D:4      | Killed Natasha
  3129 | D:4      | Noticed Natasha
  3134 | D:4      | Killed Natasha
  3186 | D:4      | Noticed Menkaure
  3190 | D:4      | Noticed Natasha
  3198 | D:4      | Killed Natasha
  3201 | D:4      | Killed Menkaure
  3202 | D:4      | Reached skill level 7 in Axes
  3202 | D:4      | Reached XP level 8. HP: 5/61 MP: 8/8
  3764 | D:4      | Noticed Blork the orc
  3771 | D:4      | Killed Blork the orc
  3901 | D:4      | Found Zane's Distillery.
  3904 | D:4      | Bought a potion of mutation for 88 gold pieces
  4037 | D:5      | Entered Level 5 of the Dungeon
  4087 | D:5      | Found a burning altar of Makhleb.
  4361 | D:5      | Reached skill level 5 in Armour
  4663 | D:5      | Reached skill level 8 in Axes
  4702 | D:5      | Found an ancient bone altar of Kikubaaqudgha.
  4777 | D:5      | Found a staircase to the Ecumenical Temple.
  4992 | D:5      | Noticed Edmund
  5004 | D:5      | Killed Edmund
  5403 | Temple   | Entered the Ecumenical Temple
  5520 | Temple   | Became a worshipper of the Wu Jian Council
  5666 | D:6      | Reached skill level 5 in Fighting
  6063 | D:6      | Reached skill level 9 in Axes
  6063 | D:6      | Reached XP level 9. HP: 68/68 MP: 9/9
  6601 | D:6      | Found Reulimn's Armour Boutique.
  6654 | D:6      | Reached skill level 10 in Axes
  6860 | D:6      | Reached * piety under Wu Jian
  7302 | D:6      | Found a glowing golden altar of the Shining One.
  8253 | D:7      | HP: 3/69 [steam dragon/ball of steam (13)]
  8254 | D:7      | HP: 1/69 [something (2)]
  8702 | D:7      | Reached skill level 1 in Throwing
  8702 | D:7      | Reached XP level 10. HP: 54/76 MP: 10/10
  8912 | D:7      | Reached skill level 11 in Axes
  9112 | D:8      | Slain by a polar bear

Illustrated notes

Levels and vault maps discovered:
D:1:      saegor_arrival_simple_e, layout_basic, basic_ecumenical_altar,
          chequers_jeans, chequers_arboretum
D:2:      layout_loops_corners, nicolae_underground_beach
D:3:      layout_loops_corners, elyvilon_altar_1, serial_shops, shop,
          uniq_terence, uniq_pargi, uniq_ijyb, uniq_grinder
D:4:      layout_basic, serial_shops,
          nicolae_shop_temple_entry_statues_fountains,
          nicolae_shop_bloodbath_and_beyond, kennysheep_mini_moat,
          gup_sewer_entry_glass, uniq_blork_the_orc, uniq_natasha, uniq_menkaure
D:5:      layout_loops_ring, mainiacjoe_overflow_chevrons,
          nicolae_overflow_crystal_walls, minmay_temple_entry_enclosed_plants,
          uniq_edmund
D:6:      layout_loops_corners, tso_altar, serial_shops,
          nicolae_shop_advertising_works [nicolae_subvault_shop_adworks],
          st_stairs_10, minmay_a_box_with_orc_wizards_in_it
D:7:      layout_gridville, david_defended_altar_orc
D:8:      layout_cave_pools, vehumet_crystals, nicolae_hepliaklqana_hippocampus,
          old_standard_altar, serial_ice, serial_ice_m, serial_ice_o,
          serial_ice_n, serial_ice_g, dk_noncrumbling_3
Temple:   nicolae_temple_great_sept

Skill      XL: |  1  2  3  4  5  6  7  8  9 10 |
---------------+-------------------------------+-----
Axes           | 5 6 7 9 10 11 | 11.1
Fighting       | 4 5 6 |  6.1
Armour         | 4 5 6 7 |  7.0
Throwing       | 1 |  1.2
Shields        | |  3.6
Evocations     | |  0.4

Action                   |  1- 3 |  4- 6 |  7- 9 | 10-12 || total
-------------------------+-------+-------+-------+-------++-------
Melee: War axe           |    52 |    57 |   361 |    31 ||   501
       Unarmed           |     5 |     1 |       |       ||     6
Invok: Lunge             |       |       |     9 |     1 ||    10
       Whirlwind         |       |       |    17 |     2 ||    19
Evoke: Wand              |       |     4 |       |       ||     4
  Use: Potion            |     1 |       |       |       ||     1
       Scroll            |       |     2 |     6 |     3 ||    11
Armor: Scale mail        |     4 |       |       |       ||     4
       Plate armour      |    25 |    25 |    24 |       ||    74
       Chain mail        |       |    15 |   154 |    44 ||   213
       Storm dragon scal |       |       |    10 |       ||    10
Dodge: Dodged            |    15 |    23 |   131 |    14 ||   183
Block: Buckler           |    13 |    16 |    54 |    10 ||    93

Table legend: (Time is in decaauts)
 A = Elapsed time spent in this place.
 B = Non-inter-level travel time spent in this place.
 C = Inter-level travel time spent in this place.
 D = Time resting spent in this place.
 E = Time spent auto-exploring this place.
 F = Levels seen in this place.
 G = Mean time per level.
                   A        B        C        D        E       F      G
               +--------+--------+--------+--------+--------+-----+--------+
         Total |   9192 |   8867 |    325 |   1408 |   6078 |  10 |  919.2 |
       Dungeon |   8859 |   8542 |    317 |   1408 |   5868 |   8 | 1107.4 |
        Temple |    127 |    119 |      8 |      0 |     58 |   1 |  127.0 |
         Sewer |    205 |    205 |      0 |      0 |    151 |   1 |  205.0 |
               +--------+--------+--------+--------+--------+-----+--------+

Top non-repeatable levels by time:
     D:6: 2027 daAuts
     D:7: 1481 daAuts
     D:5: 1413 daAuts
     D:3: 1345 daAuts
     D:4: 1161 daAuts
     D:2: 1057 daAuts
     D:1: 339 daAuts
   Sewer: 205 daAuts
  Temple: 127 daAuts
     D:8: 33 daAuts
